Map: Prion Terraces

Players

Pokebunny - Winner!

  • Race: Terran Terran
  • League: Grandmaster

EGDisruptor (goblin)

  • Race: Protoss Protoss
  • League: Master

VOD

Have the link to the VOD?

Description

Time

  • Played on: April 7, 2016, 10:24 a.m.
  • Length: 13:07
Show
View Real Time Build Order
Export as new Build Order

Pokebunny Terran - Winner!

Build Orders: Reaper Expand, MMM Bio 

Get SALT Encoding   

  12  0:01  SCV  
  13  0:13  SCV  
  14  0:17  Supply Depot  
  14  0:25  SCV  
  15  0:39  SCV  
  15  0:41  Barracks  
  16  0:45  Refinery  
  16  0:51  SCV  
  17  1:03  SCV  
  18  1:15  SCV  
  19  1:28  Orbital Command  
  19  1:30  Reaper  
  20  1:41  Command Center  
  20  1:49  Supply Depot  
  20  1:54  SCV  
  21  2:04  Barracks Reactor  
  21  2:06  Marine  
  22  2:09  SCV  
  22  2:13  Factory  
  23  2:25  Refinery  
  23  2:28  Engineering Bay, Bunker  
  23  2:29  Marine  
  24  2:32  SCV  
  25  2:47  SCV  
  25  2:54  Orbital Command  
  24  3:01  Marine  
  24  3:03  Factory Tech Lab  
  25  3:13  Bunker  
  25  3:15  Supply Depot  
  25  3:20  SCV x2  
  25  3:21  Siege Tank  
  25  3:23  Marine  
  31  3:32  SCV  
  31  3:33  SCV  
  33  3:45  Starport  
  33  3:46  Barracks Reactor  
  33  3:49  SCV  
  33  3:50  SCV  
  35  3:57  Siege Tank  
  37  4:10  SCV x2  
  37  4:16  Barracks  
  39  4:20  Barracks  
  39  4:22  Medivac  
  39  4:23  Engineering Bay, Marine  
  39  4:24  Supply Depot, Marine  
  43  4:27  Refinery  
  42  4:34  SCV x2  
  36  4:53  Siege Tank  
  39  5:05  Marine x2  
  38  5:21  Marine x2  
  38  5:23  Marine x2  
  41  5:39  Marine  
  40  5:46  Barracks Tech Lab  
  40  5:47  Marine x2  
  41  6:01  SCV  
  42  6:06  Marine x4  
  42  6:08  Stimpack  
  46  6:17  Orbital Command, SCV  
  45  6:33  Missile Turret  
  45  6:43  SCV x2  
  47  6:52  Supply Depot  
  47  6:54  Medivac  
  47  6:55  Siege Tank  
  47  6:58  Missile Turret  
  47  6:59  SCV  
  47  7:00  SCV  
  54  7:13  Supply Depot, Terran Infantry Weapons Level 1  
  54  7:14  Marine x4  
  58  7:19  SCV x2  
  60  7:25  Supply Depot  
  60  7:51  Medivac  
  60  7:54  Marine x4  
  66  8:03  Siege Tank  
  69  8:09  Supply Depot  
  69  8:11  Marine x2  
  69  8:12  Marine x2  
  73  8:16  SCV x2  
  73  8:18  Supply Depot  
  75  8:20  Combat Shields  
  75  8:28  SCV x2  
  75  8:29  Marine  
  75  8:30  Marine x2, Medivac  
  75  8:31  Marauder  
  75  8:33  Refinery  
  84  8:36  Supply Depot  
  73  9:00  SCV x2  
  73  9:07  Marine x4  
  66  9:25  Marine x2  
  66  9:29  SCV x2  
  66  9:30  Siege Tank, Marine x2  
  74  9:42  Marine x2  
  76  9:48  Barracks, Command Center  
  76  9:50  Barracks  
  76  9:51  SCV x2  
  72  10:02  Marine x3, Marauder  
  72  10:05  Starport Reactor  
  70  10:08  Terran Infantry Armor Level 1  
  70  10:09  SCV  
  70  10:10  SCV  
  72  10:21  SCV  
  72  10:22  SCV  
  74  10:28  Marine x2  
  74  10:29  Marine, Marauder  
  74  10:35  Marine  
  79  10:36  Marine  
  81  10:45  SCV x2  
  81  10:46  Marine  
  81  10:48  Siege Tank, Marine  
  87  10:50  Marauder  
  87  10:51  Supply Depot  
  87  10:54  Medivac x2  
  93  11:02  Orbital Command  
  93  11:03  Barracks Tech Lab x2  
  93  11:06  Barracks Reactor  
  87  11:23  Marine  
  87  11:24  Marine, Marauder x2  
  94  11:26  Marauder  
  86  11:46  Marine x4  
  86  11:47  Marauder x2  
  91  11:49  Medivac  
  91  11:50  Medivac  
  95  12:12  Marine x4, Marauder x3  
  95  12:13  Siege Tank  
  108  12:19  Medivac  
  108  12:20  Medivac  
  112  12:39  Marine x4, Marauder x3  
Show
View Real Time Build Order
Export as new Build Order

EGDisruptor Protoss 

Build Orders:  

Get SALT Encoding   

  12  0:01  Probe (Chrono Boost)  
  13  0:12  Probe (Chrono Boost)  
  14  0:18  Pylon  
  14  0:22  Probe (Chrono Boost)  
  15  0:36  Probe (Chrono Boost)  
  15  0:38  Gateway  
  15  0:42  Assimilator  
  16  0:47  Probe (Chrono Boost)  
  17  1:02  Probe (Chrono Boost)  
  18  1:07  Pylon  
  18  1:26  Gateway x2  
  18  1:31  Cybernetics Core  
  18  1:34  Probe (Chrono Boost)  
  19  1:53  Probe (Chrono Boost)  
  20  2:08  Warp Gate (Chrono Boost)  
  20  2:09  Adept (Chrono Boost)  
  20  2:15  Assimilator  
  26  2:19  Stalker x2 (Chrono Boost), Pylon  
  26  2:29  Probe  
  27  2:41  Probe  
  28  2:47  Stalker x2 (Chrono Boost)  
  32  2:59  Gateway  
  32  3:13  Probe  
  32  3:14  Stalker  
  32  3:17  Stalker  
  37  3:32  Pylon  
  37  3:44  Pylon  
  37  4:05  Twilight Council  
  37  4:13  Adept x3  
  43  4:27  Adept  
  44  4:52  Adept x2  
  46  4:53  Adept x2  
  46  5:24  Adept  
  46  5:25  Adept x3  
  46  5:28  Pylon  
  42  5:45  Nexus  
  38  6:03  Blink (Chrono Boost)  
  34  6:08  Mothership Core  
  36  6:12  Dark Shrine  
  34  6:32  Stalker  
  34  6:33  Stalker x2  
  40  6:53  Probe  
  41  6:56  Probe  
  41  7:00  Gateway  
  42  7:06  Probe  
  42  7:07  Stalker  
  45  7:10  Probe  
  46  7:19  Stalker  
  48  7:28  Probe  
  49  7:38  Probe  
  50  7:46  Templar Archives  
  50  7:49  Gateway  
  44  7:56  Stalker  
  46  8:07  Stalker  
  46  8:11  Probe  
  49  8:13  Probe  
  46  8:21  Probe  
  46  8:22  Dark Templar, Pylon  
  46  8:24  Pylon  
  46  8:25  Probe  
  50  8:28  Gateway  
  50  8:30  Pylon  
  50  8:38  Dark Templar  
  50  8:54  Dark Templar  
  44  9:11  Dark Templar  
  44  9:14  Pylon  
  35  9:28  Probe  
  35  9:31  Assimilator  
  32  9:34  Assimilator  
  32  9:35  Pylon  
  32  9:38  Probe, Gateway  
  32  9:41  Gateway  
  33  9:46  Dark Templar  
  32  9:57  Probe (Chrono Boost)  
  32  9:58  Probe (Chrono Boost)  
  34  10:09  Probe (Chrono Boost)  
  34  10:10  Probe (Chrono Boost)  
  36  10:16  Pylon  
  37  10:21  Probe (Chrono Boost)  
  37  10:32  Probe (Chrono Boost)  
  36  10:42  Stalker x2  
  38  10:43  Stalker x3  
  46  10:52  Probe (Chrono Boost)  
  46  10:53  Pylon  
  46  10:55  Pylon, Probe (Chrono Boost)  
  48  11:03  Probe (Chrono Boost)  
  49  11:05  Probe (Chrono Boost)  
  49  11:06  Sentry  
  48  11:21  Stalker x2  
  48  11:24  Stalker  
  35  11:46  Zealot  
  27  11:47  Zealot x3  
  27  11:48  Zealot  
  19  12:11  Zealot  
  19  12:12  Zealot  
  19  12:13  Zealot  
  19  12:14  Zealot  
  27  12:23  Nexus  
Tags
 
Add a new tag
Caveats
  • Supply blocks, unpowered buildings, or Contaminate may cause inaccurate times.
  • Supply counts are checked every 10 seconds.